 Dungeon Crawl Stone Soup version 0.24.0-125-gc4c63601f3 (webtiles) character file.

Game seed: 17859981457851197553, levelgen mode: deterministic

376 Jerry the Slasher (level 6, 0/52 HPs)
             Began as a Demigod Fighter on Feb 20, 2020.
             Slain by an orc warrior
             ... wielding a cursed -2 flail
              (15 damage)
             ... on level 5 of the Dungeon.
             The game lasted 00:06:51 (2335 turns).

Jerry the Slasher (Demigod Fighter)                 Turns: 2335, Time: 00:06:51

Health: 0/52       AC:  9    Str: 21    XL:     6   Next: 20%
Magic:  8/8        EV:  9    Int: 12    God:
Gold:   78         SH:  0    Dex: 17    Spells: 5/5 levels left

rFire    . . .     SeeInvis +   a - +0 long sword
rCold    . . .     Gourm    .   (no shield)
rNeg     . . .     Faith    .   b - +0 scale mail
rPois    .         Spirit   .   q - +0 helmet
rElec    .         Reflect  .   (no cloak)
rCorr    .         Harm     .   (no gloves)
MR       .....                  s - +0 pair of boots
Stlth    ..........             (no amulet)
HPRegen  0.17/turn              l - ring of see invisible
MPRegen  0.11/turn              p - ring of attention

@: no status effects
A: high mp 1
a: no special abilities


You were on level 5 of the Dungeon.
You were hungry.

You visited 1 branch of the dungeon, and saw 4 of its levels.

You collected 78 gold pieces.

Inventory:

Hand Weapons
 a - a +0 long sword (weapon)
Missiles
 d - 5 javelins (quivered)
Armour
 b - a +0 scale mail (worn)
 c - a +0 shield
 q - a +0 helmet (worn)
 s - a +0 pair of boots (worn)
Jewellery
 l - a ring of see invisible (left hand)
 p - a ring of attention (right hand)
Wands
 n - a wand of random effects (8)
 o - a wand of iceblast (10)
Scrolls
 e - 3 scrolls of remove curse
 g - 5 scrolls of identify
 j - a scroll of immolation
 k - a scroll of fog
Potions
 h - 3 potions of curing
 i - a potion of cancellation {unknown}
 m - a potion of haste {unknown}
 t - a potion of agility {unknown}
Comestibles
 f - 4 rations


   Skills:
 + Level 3.8 Fighting
 * Level 4.1 Long Blades
 + Level 3.8 Armour
 + Level 2.6 Stealth
 - Level 2.6 Shields


You had 5 spell levels left.
You didn't know any spells.
Your spell library was empty.

Dungeon Overview and Level Annotations

Branches:
Dungeon (3/15)


Innate Abilities, Weirdness & Mutations

You have an increased reservoir of magic. (+10% MP)


Message History

It was a scroll of immolation.
The giant cockroach barely misses you.
You riposte.
You hit the giant cockroach.
The giant cockroach is moderately wounded.
The orc wizard points at you and mumbles some strange words.
The puff of flame hits you!
As you read the scroll labeled REL GASAYHI, it crumbles to dust.
The scroll dissolves into smoke.
It was a scroll of fog.
The giant cockroach bites you but does no damage.
The giant cockroach closely misses you.
Unknown command.
As you read the scroll labeled PIKAUP HUZOT, it crumbles to dust.
It is a scroll of amnesia.
You feel forgetful for a moment.
The giant cockroach bites you but does no damage.
You hit the giant cockroach but do no damage.
The giant cockroach is moderately wounded.
The giant cockroach bites you.
* * * LOW HITPOINT WARNING * * *
The orc warrior hits you with a cursed -2 flail!
You die...

#.!... ##.$# .... # #....##
##...##...## #.
#..%..###........[.. .#.#
#...o....#.......... ....#
#!..oo..............
..#..#####.####.....>......
#.........O................
##......###.?............
#.....###@oo.............
#....$o§so#o...##....###.
#.....§####....#.....#
#......§ ...........#
####...## ..# ...... .#
....... # .........
.........


You could see an orc warrior, an orc wizard (inner flame), 2 orcs and a giant
cockroach (inner flame).

Vanquished Creatures
  Sigmund (D:2)
  A crimson imp (D:3)
  Natasha (thrice) (D:2)
  A worker ant (D:3)
  4 adders
  An ooze (D:3)
  3 worms
  2 dart slugs (D:1)
  A leopard gecko (D:3)
  A bat (D:2)
  2 goblins (D:1)
  5 hobgoblins (D:1)
  3 jackals (D:1)
  A quokka (D:2)
  3 frilled lizards
  9 kobolds
  5 rats
46 creatures vanquished.

Notes
Turn   | Place    | Note
-------+----------+-------------------------------------------
     0 | D:1      | Jerry the Demigod Fighter began the quest for the Orb.
     0 | D:1      | Reached XP level 1. HP: 18/18 MP: 3/3
    42 | D:1      | You fall into a shaft and drop 1 floor!
    43 | D:2      | Noticed Natasha
    47 | D:2      | Noticed a crimson imp
    48 | D:2      | Killed Natasha
    48 | D:2      | Reached skill level 2 in Long Blades
    48 | D:2      | Reached XP level 2. HP: 22/25 MP: 4/4
    84 | D:1      | Reached skill level 1 in Stealth
    90 | D:1      | Reached XP level 3. HP: 22/31 MP: 5/5
   563 | D:2      | Noticed Natasha
   571 | D:2      | Killed Natasha
   728 | D:2      | Noticed Natasha
   734 | D:2      | Killed Natasha
   734 | D:2      | Reached skill level 3 in Long Blades
   734 | D:2      | Reached XP level 4. HP: 37/38 MP: 6/6
   807 | D:2      | Noticed Sigmund
  1132 | D:2      | Killed Sigmund
  1132 | D:2      | Reached XP level 5. HP: 44/45 MP: 7/7
  1941 | D:3      | Reached skill level 4 in Long Blades
  1941 | D:3      | Reached XP level 6. HP: 44/52 MP: 8/8
  2099 | D:3      | Found a basalt altar of Yredelemnul.
  2186 | D:3      | Found a burning altar of Makhleb.
  2302 | D:3      | You fall into a shaft and drop 2 floors!
  2302 | D:5      | Entered Level 5 of the Dungeon
  2335 | D:5      | Slain by an orc warrior

Levels and vault maps discovered:
D:1:      nzn_arrival_depleted_hourglass, layout_rooms
D:2:      layout_rooms, hangedman_decor_lopped, uniq_sigmund, uniq_natasha
D:3:      layout_loops_ring, makhleb_grotto_becter, marbit_many_paths,
          yredelemnul_altar_generic
D:5:      layout_rooms, grunt_temple_overflow_cloverleaf,
          minmay_temple_entry_wispy

Skill      XL: |  1  2  3  4  5 |
---------------+----------------+-----
Long Blades    | 2 3 4 |  4.1
Armour         | 3 |  3.8
Fighting       | 3 |  3.8
Stealth        | 1 2 |  2.6
Shields        | |  2.6

Action                   |  1- 3 |  4- 6 || total
-------------------------+-------+-------++-------
Melee: Long sword        |    53 |   106 ||   159
  Use: Potion            |       |     1 ||     1
       Scroll            |       |     5 ||     5
  Eat: Chunk             |       |     4 ||     4
Armor: Scale mail        |    32 |    60 ||    92
Dodge: Dodged            |    21 |    74 ||    95
       Rpst.: Long sword |     6 |     9 ||    15
